 Dungeon Crawl Stone Soup version 0.30-a0-219-gf2db51d15e (webtiles) character file.

Game seed: 23076203947036875

23 KennySheep the Grasshopper (level 2, 0/17 HPs)
             Began as a Deep Elf Warper on Oct 6, 2022.
             Slain by a kobold
             ... wielding a +0 short sword
              (4 damage)
             ... on level 1 of the Dungeon.
             The game lasted 00:02:48 (1058 turns).

KennySheep the Grasshopper (Deep Elf Warper)        Turns: 1058, Time: 00:02:49

Health: 0/17       AC:  3    Str:  8    XL:     2   Next: 75%
Magic:  8/8        EV: 12    Int: 17    God:
Gold:   30         SH:  0    Dex: 14    Spells: 5/7 levels left

rFire   . . .      SeeInvis .    a - +0 falchion
rCold   . . .      Faith    .    (no shield)
rNeg    . . .      Spirit   .    b - +0 leather armour
rPois   .          Reflect  .    (no helmet)
rElec   .          Harm     .    (no cloak)
rCorr   .          Rampage  .    (no gloves)
Will    .....                    (no boots)
Stlth   +.........               (no amulet)
HPRegen 0.22/turn                (no ring)
MPRegen 0.11/turn                (no ring)

@: no status effects
A: no striking features
a: no special abilities


You were on level 1 of the Dungeon.
You visited 1 branch of the dungeon, and saw 2 of its levels.

You collected 30 gold pieces.

Inventory:

Hand Weapons
 a - a +0 falchion (weapon)
Missiles
 d - 7 boomerangs of dispersal (quivered)
Armour
 b - a +0 leather armour (worn)
Scrolls
 c - a scroll of blinking
 h - a scroll of immolation {unknown}
 i - a scroll of poison {unknown}
 j - a scroll of fear {unknown}
 l - a scroll of identify {unknown}
Potions
 e - a potion of degeneration {unknown}
 f - a potion of lignification {unknown}
 g - a potion of might {unknown}
 k - a potion of curing {unknown}


   Skills:
 + Level 1.8 Fighting
 - Level 1.7 Long Blades
 * Level 1.7 Ranged Weapons
 - Level 1.0 Throwing
 - Level 0.7 Armour
 + Level 2.8 Dodging
 + Level 3.3 Spellcasting
 + Level 3.4 Translocations


You had 5 spell levels left.
You knew the following spells:

 Your Spells              Type           Power      Damage    Failure   Level
a - Blink                 Tloc           28%        N/A       9%          2

Your spell library contained the following spells:

 Spells                   Type           Power      Damage    Failure   Level
 Lesser Beckoning         Tloc           28%        N/A       17%         3
 Teleport Other           Tloc           14%        N/A       17%         3
 Vhi's Electric Charge    Tloc/Air       16%        N/A       34%         3
 Manifold Assault         Tloc           14%        N/A       50%         4


Dungeon Overview and Level Annotations

Branches:
Dungeon (2/15)

Altars:

Shops:
D:1 :


Message History

A kobold comes into view. It is wielding a +0 short sword.
The kobold shouts!
You hear a shout! x2
A goblin comes into view. It is wielding a +0 dagger.
The goblin unwields a +0 dagger.
The goblin wields a +0 sling.
The goblin shoots a sling bullet.
The sling bullet hits you.
A kobold comes into view. It is wielding a +0 club.
The ball python bites you. The ball python grabs you.
The ball python constricts you.
You hit the ball python.
You kill the ball python!
The kobold hits you with a +0 short sword.
You see here a ball python corpse.
You hit the kobold but do no damage. The kobold barely misses you.
The goblin unwields a +0 sling.
The goblin wields a +0 dagger.
The goblin hits you with a +0 dagger. The kobold attacks as you move away!
The kobold barely misses you. The kobold attacks as you move away!
The kobold barely misses you.
You hit the kobold.
The kobold is moderately wounded.
The kobold barely misses you.
You closely miss the kobold.
The kobold is moderately wounded.
The kobold hits you with a +0 short sword.
You hit the kobold.
The kobold is moderately wounded.
The kobold attacks as you move away! The kobold barely misses you.
The kobold attacks as you move away! The kobold completely misses you.
The kobold attacks as you move away! The kobold closely misses you.
There is a stone staircase leading up here.
The kobold hits you with a +0 club.
* * * LOW HITPOINT WARNING * * *
The kobold barely misses you.
You climb upwards.
There is a stone staircase leading down here.
You closely miss the kobold.
The kobold is moderately wounded.
The kobold closely misses you. The kobold barely misses you.
The kobold closely misses you.
The kobold hits you with a +0 short sword.
You die...

.#.......#
#.####.####.#...####
.#.......# #.#
#....†.#...# ###.######
#.# #####....### #### #
#.# #.# #....# #... ###.#
#.# #....# #... ....# #.#
#....# #... #####
#.########....# ####
....########...K.........#
....##..........@........#
.........###.....K....####
.........# #..........#
.........# #..........#
.........# #..........#
....##.### #..........#
....##.# #..........#
######.# #..........# #.#
#..........#


You could see 2 kobolds.

Vanquished Creatures
  A dart slug (D:2)
  2 bats (D:1)
  3 endoplasms (D:1)
  A hobgoblin (D:2)
  4 jackals (D:1)
  3 ball pythons
  2 goblins (D:1)
  2 kobolds (D:1)
  2 rats (D:1)
20 creatures vanquished.

Notes
Turn   | Place    | Note
-------+----------+-------------------------------------------
     0 | D:1      | KennySheep the Deep Elf Warper began the quest for the Orb.
     0 | D:1      | Reached XP level 1. HP: 12/12 MP: 6/6
   257 | D:1      | Reached skill level 1 in Ranged Weapons
   264 | D:1      | Reached XP level 2. HP: 15/17 MP: 8/8
   275 | D:1      | Learned a level 2 spell: Blink
   651 | D:1      | Found Ogaqus's Book Shoppe.
  1058 | D:1      | Slain by a kobold

Illustrated notes

Levels and vault maps discovered:
D:1:      lemuel_arrival_lava_pool, layout_basic, serial_shops,
          nicolae_shop_stone
D:2:      layout_rooms, due_unseen_surprise

Skill      XL: |  1 |
---------------+----+-----
Ranged Weapons | 1 |  1.7
Fighting       | |  1.8
Long Blades    | |  1.7
Throwing       | |  1.0
Armour         | |  0.7
Dodging        | |  2.8
Spellcasting   | |  3.3
Translocations | |  3.4

Action                   || total
-------------------------++-------
Melee: Falchion          ||    93
Armor: Leather armour    ||    28
Dodge: Dodged            ||    76

Table legend: (Time is in decaauts)
 A = Elapsed time spent in this place.
 B = Non-inter-level travel time spent in this place.
 C = Inter-level travel time spent in this place.
 D = Time resting spent in this place.
 E = Time spent auto-exploring this place.
 F = Levels seen in this place.
 G = Mean time per level.
                   A        B        C        D        E       F      G
               +--------+--------+--------+--------+--------+-----+--------+
         Total |   1078 |   1022 |     56 |     44 |    755 |   2 |  539.0 |
       Dungeon |   1078 |   1022 |     56 |     44 |    755 |   2 |  539.0 |
               +--------+--------+--------+--------+--------+-----+--------+

Top non-repeatable levels by time:
     D:1: 1017 daAuts
     D:2: 61 daAuts
